 Dungeon Crawl Stone Soup version 0.29.1-15-g9cfb28693d (webtiles) character file.

Game seed: 13570253050082107143

126 pkoi the Ruffian (level 4, -3/42 HPs)
             Began as a Troll Gladiator on Mar 27, 2023.
             Slain by Grinder (9 damage)
             ... while paralysed by Grinder
             ... on level 3 of the Dungeon.
             The game lasted 00:02:41 (2047 turns).

pkoi the Ruffian (Troll Gladiator)                  Turns: 2047, Time: 00:02:41

Health: -3/42      AC:  4    Str: 24    XL:     4   Next: 83%
Magic:  3/3        EV:  1    Int:  4    God:
Gold:   90         SH:  0    Dex: 11    Spells: 3/3 levels left

rFire   + . .      SeeInvis .     - Unarmed
rCold   + . .      Faith    .   (no shield)
rNeg    . . .      Spirit   .   a - +0 robe
rPois   +          Reflect  .   b - +0 hat
rElec   +          Harm     .   (no cloak)
rCorr   +          Rampage  .   (gloves unavailable)
Will    .....                   (boots unavailable)
Stlth   +.........              (no amulet)
HPRegen 0.94/turn               g - ring of wizardry
MPRegen 0.08/turn               (no ring)

@: paralysed, resistant, flying
A: large, unfitting armour, claws 3, regeneration 1, shaggy fur 1, tough skin 1
a: no special abilities


You were on level 3 of the Dungeon.
You visited 1 branch of the dungeon, and saw 3 of its levels.

You collected 90 gold pieces.

Inventory:

Hand Weapons
 s - a +0 sling
Missiles
 c - 3 throwing nets
 d - a large rock
 l - 17 stones (quivered)
Armour
 a - a +0 robe (worn)
 b - a +0 hat (worn)
Jewellery
 g - a ring of wizardry (left claw)
Scrolls
 e - 2 scrolls of poison {unknown}
 h - 2 scrolls of butterflies {unknown}
 i - a scroll of enchant armour {unknown}
 k - a scroll of amnesia {unknown}
 m - 2 scrolls of identify {unknown}
 q - a scroll of teleportation {unknown}
 r - a scroll of torment {unknown}
Potions
 f - a potion of cancellation {unknown}
 j - 3 potions of mutation {unknown}
 p - 3 potions of curing {unknown}


   Skills:
 + Level 2.0 Fighting
 - Level 2.1 Throwing
 - Level 2.4 Dodging
 * Level 5.2 Unarmed Combat


You had 3 spell levels left.
You didn't know any spells.
Your spell library contained the following spells:

 Spells                   Type           Power      Damage    Failure   Level
 Apportation              Tloc           0%         N/A       22%         1
 Necrotise                Necr           0%         1d4       22%         1
 Summon Small Mammal      Summ           0%         N/A       22%         1


Dungeon Overview and Level Annotations

Branches:
Dungeon (3/15)

Altars:
Cheibriados
Kikubaaqudgha

Annotations:
D:3 Grinder


Innate Abilities, Weirdness & Mutations

You are too large for most types of armour.
You have claws for hands.
Your natural rate of healing is unusually fast.
You are covered in fur. (AC +1)
You have tough skin. (AC +1)


Message History

You see here a +0 rapier.
Okay, then.
Okay, then.
It was a potion of flight.
You feel very buoyant.
You fly up into the air.
Grinder says, "Just stop there for a second..."
Grinder completely misses you.
It was a potion of resistance.
You feel protected. Grinder misses you.
You scratch Grinder.
Grinder is lightly wounded.
Grinder hits you.
You writhe in agony.
You closely miss Grinder.
Grinder is lightly wounded.
Grinder gestures at you. You resist with significant effort.
You barely miss Grinder.
Grinder is lightly wounded.
Grinder gestures at you. Pain shoots through your body!
You claw Grinder!
Grinder is moderately wounded.
Grinder hits you.
You writhe in agony.
You claw Grinder!
Grinder is heavily wounded.
Grinder gestures at you.
You suddenly lose the ability to move!
Grinder hits you!
You writhe in agony.
* * * LOW HITPOINT WARNING * * *
Grinder gestures at you.
You shrug off the repeated paralysis!
Grinder rolls her eyes.
Grinder hits you.
* * * LOW HITPOINT WARNING * * *
You writhe in agony.
* * * LOW HITPOINT WARNING * * *
Grinder hits you!
You die...

######### #........ ###
#.####### #.###
#.#...... #@..#
#.#...##.
......5.#.######.#......
........#.#.............
..>.....#.#.####.#.#...#
.######.#.#.####.#......
..#.#......#.#.###
#####.########......
###...........########
#.....#.#.....#.....#


You could see Grinder.

Vanquished Creatures
  An orc wizard (D:3)
  2 adders
  3 worms (D:2)
  A dart slug (D:2)
  4 orcs (D:3)
  6 ball pythons
  5 bats
  8 endoplasms
  3 giant cockroaches
  4 hobgoblins
  7 jackals (D:1)
  5 kobolds
  2 frilled lizards
  5 goblins
  6 rats
62 creatures vanquished.

Notes
Turn   | Place    | Note
-------+----------+-------------------------------------------
     0 | D:1      | pkoi the Troll Gladiator began the quest for the Orb.
     0 | D:1      | Reached XP level 1. HP: 19/19 MP: 0/0
    84 | D:1      | Reached XP level 2. HP: 24/27 MP: 1/1
   229 | D:1      | Reached skill level 4 in Unarmed Combat
   402 | D:1      | Reached XP level 3. HP: 33/33 MP: 2/2
   705 | D:2      | Found a faded altar of an unknown god.
  1451 | D:2      | Reached XP level 4. HP: 41/41 MP: 3/3
  1576 | D:3      | Found a snail-covered altar of Cheibriados.
  1889 | D:3      | Reached skill level 5 in Unarmed Combat
  2011 | D:3      | Found an ancient bone altar of Kikubaaqudgha.
  2034 | D:3      | Noticed Grinder
  2035 | D:3      | Paralysed by Grinder for 2 turns
  2043 | D:3      | Paralysed by Grinder for 5 turns
  2047 | D:3      | Slain by Grinder

Illustrated notes

Levels and vault maps discovered:
D:1:      roderic_dead_forest, layout_rooms
D:2:      layout_loops_corners, hellmonk_ecumenical_altar_run_dry
D:3:      layout_basic, mainiacjoe_overflow_brackets,
          mainiacjoe_overflow_alcove_4, uniq_grinder

Skill      XL: |  1  2  3  4 |
---------------+-------------+-----
Unarmed Combat | 4 5 |  5.2
Throwing       | 2 |  2.1
Fighting       | 2 |  2.0
Dodging        | |  2.4

Action                   |  1- 3 |  4- 6 || total
-------------------------+-------+-------++-------
Melee: Unarmed           |   121 |    41 ||   162
       Punch             |     3 |       ||     3
Throw: Stone             |     3 |       ||     3
  Use: Scroll            |     1 |       ||     1
       Potion            |       |     2 ||     2
 Stab: Sleeping          |     3 |       ||     3
Armor: Robe              |    37 |     8 ||    45
Dodge: Dodged            |    56 |    16 ||    72
